Map: Ruins of Seras

Players

viOLet - Winner!

  • Race: Zerg Zerg
  • League: Grandmaster

JJAKJI

  • Race: Terran Terran

VOD

Have the link to the VOD?

Description

Time

  • Played on: Dec. 14, 2015, 5:49 p.m.
  • Length: 11:48
Show
View Real Time Build Order
Export as new Build Order

viOLet Zerg - Winner!

Build Orders: Hatch First 

Get SALT Encoding   

  12  0:00  Drone  
  13  0:08  Drone  
  14  0:17  Overlord  
  14  0:22  Extractor  
  14  0:23  Drone  
  15  0:36  Drone x2  
  17  0:46  Drone  
  18  0:59  Hatchery  
  18  1:00  Drone  
  18  1:05  Drone  
  18  1:07  Extractor  
  18  1:16  Drone  
  19  1:22  Spawning Pool  
  18  1:26  Drone  
  19  1:37  Drone  
  20  1:48  Overlord  
  20  2:09  Queen  
  20  2:10  Queen  
  20  2:11  Metabolic Boost, Zergling x4  
  20  2:13  Drone  
  27  2:23  Drone x2  
  27  2:28  Extractor  
  28  2:32  Drone  
  29  2:38  Drone  
  29  2:47  Queen x2  
  34  2:52  Drone, Overlord  
  34  2:57  Drone  
  36  3:06  Overlord  
  36  3:11  Zergling x4  
  38  3:16  Drone  
  38  3:17  Drone  
  38  3:19  Drone x2  
  43  3:20  Drone x2  
  43  3:24  Lair  
  43  3:26  Drone  
  45  3:33  Drone  
  45  3:34  Drone  
  47  3:41  Overlord  
  47  3:42  Drone  
  47  3:43  Drone  
  49  3:49  Drone  
  49  3:50  Drone  
  49  3:52  Extractor  
  49  3:53  Extractor  
  49  3:55  Extractor  
  48  3:56  Drone x3  
  48  3:57  Drone  
  48  4:02  Drone x2  
  54  4:04  Overlord  
  54  4:13  Drone  
  56  4:17  Drone x2  
  56  4:24  Drone, Spine Crawler  
  57  4:25  Spire  
  57  4:26  Drone x2  
  56  4:38  Drone  
  57  4:39  Zergling x6  
  57  4:44  Hatchery  
  59  4:47  Overlord x2  
  59  4:50  Drone x2  
  61  4:55  Overseer  
  61  5:03  Spore Crawler  
  61  5:04  Spore Crawler  
  59  5:08  Drone x6  
  64  5:18  Overseer  
  62  5:27  Drone x3  
  63  5:34  Zergling x4  
  65  5:38  Mutalisk x6  
  77  5:48  Drone  
  77  5:49  Evolution Chamber  
  77  5:51  Evolution Chamber  
  75  6:04  Drone x7  
  75  6:06  Roach Warren  
  75  6:08  Drone  
  82  6:12  Overlord x2  
  82  6:16  Zerg Missile Weapons Level 1  
  82  6:18  Zerg Ground Armor Level 1  
  82  6:28  Extractor x2  
  82  6:31  Drone x8  
  88  6:48  Glial Reconstitution, Roach x4  
  88  6:50  Drone  
  88  6:51  Drone, Overlord x2  
  98  7:07  Overlord x2  
  98  7:09  Overseer x2  
  98  7:11  Roach x8  
  114  7:17  Overlord x2  
  114  7:18  Overlord  
  114  7:25  Overlord x2  
  114  7:27  Roach  
  114  7:28  Roach x2  
  120  7:38  Roach  
  120  7:39  Roach x5  
  120  7:42  Roach x2  
  136  7:55  Ravager x3  
  136  7:56  Ravager x9  
  148  8:07  Roach x7  
  148  8:11  Roach  
  148  8:12  Roach x2  
  168  8:17  Roach  
  168  8:19  Hatchery  
  167  8:21  Roach  
  164  8:29  Roach x2  
  164  8:32  Roach  
  160  8:39  Roach x3  
  160  8:40  Roach x8  
  170  8:45  Roach  
  145  8:56  Roach  
  145  9:00  Zerg Missile Weapons Level 2  
  142  9:11  Zerg Ground Armor Level 2  
  142  9:12  Drone x7  
  134  9:26  Overlord x4  
  134  9:29  Roach x4  
  140  9:42  Drone  
  140  9:43  Drone x7  
  140  9:47  Roach x4  
  136  9:53  Roach x4  
  136  9:54  Extractor  
  143  10:06  Corruptor x5  
  153  10:07  Corruptor  
  153  10:08  Extractor  
  154  10:17  Ravager x4  
  154  10:20  Drone x3  
  161  10:25  Drone  
  161  10:26  Drone x2  
  164  10:29  Ravager  
  164  10:33  Zergling x12  
  171  10:38  Overseer  
  171  10:39  Hatchery  
  171  10:41  Zergling x8  
  174  10:44  Ravager x5  
  174  10:46  Zergling x2  
  180  10:52  Ravager x2  
  180  10:53  Overlord x2  
  182  11:02  Infestation Pit  
  181  11:04  Baneling Nest, Zergling x2  
  181  11:05  Zergling x6  
Show
View Real Time Build Order
Export as new Build Order

JJAKJI Terran 

Build Orders: Reaper Expand, Hellion Banshee, MMM Bio 

Get SALT Encoding   

  12  0:01  SCV  
  13  0:13  SCV  
  14  0:17  Supply Depot  
  14  0:25  SCV  
  15  0:39  SCV  
  15  0:40  Barracks  
  16  0:45  Refinery  
  16  0:51  SCV  
  17  1:03  SCV  
  18  1:15  SCV  
  19  1:28  Orbital Command  
  19  1:29  Reaper  
  20  1:44  Command Center  
  20  1:54  SCV  
  20  1:56  Supply Depot  
  20  2:00  Marine  
  22  2:06  SCV  
  23  2:18  SCV  
  23  2:20  Factory  
  24  2:25  Barracks Reactor  
  24  2:31  SCV  
  25  2:43  SCV  
  26  2:52  Refinery  
  26  2:55  SCV  
  26  2:57  Orbital Command  
  27  3:07  SCV  
  27  3:09  Starport  
  28  3:14  Hellion x2  
  28  3:18  Barracks Tech Lab  
  28  3:19  SCV  
  33  3:23  SCV  
  33  3:26  Supply Depot  
  34  3:31  SCV  
  35  3:35  SCV  
  35  3:36  Hellion x2  
  40  3:43  SCV  
  40  3:47  SCV  
  41  3:49  Supply Depot  
  41  3:53  Banshee  
  41  3:55  Barracks Tech Lab  
  44  3:57  SCV  
  44  3:59  SCV  
  44  4:01  Hellion x2  
  50  4:09  SCV  
  51  4:11  SCV  
  52  4:21  Command Center  
  51  4:24  SCV x2  
  51  4:30  Stimpack, Marine  
  54  4:35  Barracks  
  54  4:36  SCV x2  
  54  4:37  Liberator  
  56  4:45  Factory Reactor  
  56  4:47  Barracks  
  56  4:48  SCV x2  
  58  4:55  Marine  
  62  5:05  Supply Depot  
  62  5:07  Supply Depot  
  62  5:10  Engineering Bay  
  62  5:11  Bunker  
  62  5:12  Engineering Bay  
  62  5:26  Marine x3  
  65  5:29  SCV x2  
  65  5:31  Refinery x2  
  65  5:33  Factory Reactor  
  67  5:38  Starport Reactor  
  67  5:40  Orbital Command  
  67  5:42  SCV x2, Missile Turret  
  69  5:47  Supply Depot  
  69  5:50  Marine x2  
  69  5:51  Marine  
  69  5:54  Terran Infantry Weapons Level 1, Terran Infantry Armor Level 1  
  72  6:00  SCV x2  
  72  6:03  Marine x2, Orbital Command  
  76  6:08  Marine x2  
  76  6:09  Marine  
  79  6:12  SCV  
  79  6:14  SCV, Barracks  
  79  6:16  Barracks  
  81  6:23  Missile Turret x2  
  81  6:25  SCV  
  82  6:26  SCV  
  82  6:27  Marine x5  
  88  6:34  Widow Mine x2  
  88  6:35  Combat Shields  
  88  6:37  SCV  
  88  6:38  SCV  
  94  6:45  Orbital Command, Marine  
  94  6:47  Medivac x2  
  94  6:49  SCV  
  94  6:50  SCV  
  100  7:01  SCV  
  100  7:03  SCV  
  100  7:04  Barracks Reactor  
  100  7:06  Missile Turret, Widow Mine  
  101  7:10  Barracks Reactor, Supply Depot  
  101  7:12  Supply Depot  
  101  7:15  Armory  
  101  7:20  SCV  
  101  7:22  SCV  
  101  7:27  Missile Turret  
  101  7:32  SCV, Medivac x2, Marine x3  
  101  7:33  Marine  
  101  7:34  SCV  
  113  7:39  Supply Depot  
  113  7:40  Supply Depot  
  111  7:46  SCV x2  
  111  7:49  Bunker  
  111  7:51  Bunker  
  111  7:55  SCV  
  112  7:58  Marauder  
  112  7:59  Siege Tank  
  112  8:00  Marine x2  
  117  8:06  Marine x6  
  123  8:13  Concussive Shells  
  123  8:17  Supply Depot x2, Marine  
  123  8:18  Supply Depot, Marine  
  125  8:20  Marauder  
  125  8:23  Marine x2  
  125  8:24  Marine  
  122  8:30  Marine x2  
  122  8:31  Siege Tank, Marine  
  117  8:35  Marine  
  117  8:36  Marine  
  94  8:41  Marine x3, Marauder  
  94  8:48  Marine x3  
  89  8:52  SCV x2  
  89  8:53  Marine x2  
  87  8:59  Marine x3  
  87  9:02  Marauder  
  81  9:03  Siege Tank  
  81  9:04  SCV  
  81  9:08  Orbital Command  
  72  9:13  Marine  
  72  9:15  Marine x4  
  61  9:21  Marine  
  61  9:24  Marauder  
  57  9:33  Marine  
  57  9:34  Marine x2  
  47  9:45  Marine x5  
  42  9:50  SCV  
  45  10:02  Armory  
  45  10:03  SCV  
  45  10:06  SCV  
  47  10:12  Marine x3  
  50  10:15  SCV  
  50  10:16  SCV  
  52  10:22  SCV  
  52  10:27  SCV  
  54  10:28  SCV  
  54  10:29  Marine  
  54  10:30  Marine x3  
  54  10:31  Marine  
  54  10:32  Marine  
  54  10:35  Marine  
  61  10:36  Marine  
  61  10:38  Marine  
  61  10:42  SCV  
  65  10:46  SCV x2  
  65  10:47  Marine  
  68  10:55  Marine x3  
  68  10:56  Marauder  
  73  10:57  Marine  
  73  10:58  Marine  
  73  10:59  Marine  
  73  11:00  Marine  
  77  11:05  Marine  
  76  11:13  Marine  
Tags
 
Add a new tag
Caveats
  • Supply blocks, unpowered buildings, or Contaminate may cause inaccurate times.
  • Supply counts are checked every 10 seconds.